 Dungeon Crawl Stone Soup version 0.31.0-32-g396128a36d (webtiles) character file.

Game seed: 7700123422409564584

984 Curundu the Cleaver (level 7, -13/61 HPs)
             Began as a Minotaur Berserker on Apr 12, 2024.
             Was a Priest of Trog.
             Mangled by a large slime creature (16 damage)
             ... on level 5 of the Dungeon.
             The game lasted 00:10:30 (3787 turns).

Curundu the Cleaver (Minotaur Berserker)            Turns: 3787, Time: 00:10:30

Health: -13/61     AC: 10    Str: 23    XL:     7   Next: 97%
Magic:  6/6        EV:  7    Int:  4    God:    Trog [***...]
Gold:   213        SH:  4    Dex: 10    Spells: 6/6 levels left

rFire   . . .        j - +0 war axe
rCold   + . .        h - +0 buckler
rNeg    . . .        p - +0 plate armour
rPois   .            (helmet restricted)
rElec   .            e - +1 cloak {Will+}
rCorr   .            (no gloves)
SInv    .            (no boots)
Will    +....        (no amulet) Stlth
                     d - ring of protection from cold
HPRegen 0.30/turn    (no ring)
MPRegen 0.10/turn

%: no passive effects
@: about to teleport, corroded
A: horns 2, retaliatory headbutt
a: Renounce Religion, Berserk, Trog's Hand


You were on level 5 of the Dungeon.
You worshipped Trog.
Trog was most pleased with you.
You visited 1 branch of the dungeon, and saw 6 of its levels.

You collected 213 gold pieces.

Inventory:

Hand Weapons
 j - a +0 war axe (weapon)
Armour
 e - a +1 cloak of willpower (worn)
 h - a +0 buckler (worn)
 p - a +0 plate armour (worn)
Jewellery
 a - a ring of resist corrosion
 d - a ring of protection from cold (left hand)
 f - a +6 ring of intelligence
Wands
 u - a wand of flame (16)
Scrolls
 b - a scroll of torment {unknown}
 c - a scroll of noise {unknown}
 g - a scroll of brand weapon {unknown}
 k - a scroll of fog {unknown}
 l - a scroll of teleportation
 m - a scroll of blinking {unknown}
 q - 2 scrolls of immolation {unknown}
 s - a scroll of amnesia {unknown}
 t - a scroll of identify {unknown}
Potions
 i - 2 potions of degeneration {unknown}
 n - 2 potions of lignification {unknown}
 o - 2 potions of curing {unknown}
 r - a potion of attraction {unknown}
 v - a potion of enlightenment {unknown}


   Skills:
 + Level 5.6 Fighting
 + Level 8.3 Axes
 * Level 5.6 Armour
 - Level 2.4 Dodging
 + Level 0.3 Stealth
 * Level 4.0 Shields


You had 6 spell levels left.
You didn't know any spells.
Your spell library was empty.

Dungeon Overview and Level Annotations

Branches:
Dungeon (6/15)
 Temple: D:4-7

Altars:
Elyvilon
Hepliaklqana
Kikubaaqudgha
Sif Muna
Vehumet
Yredelemnul
Zin


Innate Abilities, Weirdness & Mutations

You have a pair of horns on your head.
You reflexively headbutt those who attack you in melee.


Message History

You hit the jelly but do no damage.
Your hands burn!
You headbutt the jelly!
The jelly is heavily wounded.
The jelly completely misses the fungus.
You hit the slime creature but do no damage.
You headbutt the slime creature.
The slime creature is lightly wounded.
The endoplasm hits the fungus.
The jelly hits the fungus.
The fungus is splashed with acid!
The fungus seems to be corroded for longer.
Something hits the fungus.
The fungus is splashed with acid!
The fungus seems to be corroded for longer.
The endoplasm hits the fungus.
You hit the slime creature but do no damage.
You headbutt the slime creature.
The slime creature is lightly wounded.
A nearby fungus withers and dies.
The slime creature barely misses you.
The slime creature hits you but does no damage.
You slash the slime creature! You headbutt the slime creature!
The slime creature is heavily wounded.
Two slime creatures merge to form a large slime creature.
You hit the large slime creature but do no damage.
You headbutt the large slime creature, but do no damage.
The large slime creature is moderately wounded.
The large slime creature closely misses you.
You furiously retaliate!
You headbutt the large slime creature.
You hit the large slime creature but do no damage.
Your headbutt misses the large slime creature.
The large slime creature is moderately wounded.
The large slime creature hits you!
You barely miss the large slime creature.
The large slime creature is moderately wounded.
The large slime creature hits you!!
You slash the large slime creature!
The large slime creature is moderately wounded.
The large slime creature hits you!!
* * * LOW HITPOINT WARNING * * *
As you read the scroll labelled RIHUM ZUMU, it crumbles to dust.
You feel strangely unstable.
It was a scroll of teleportation.
The large slime creature hits you!
You die...

.. ### #####.#
#?.....##.####### #......
#.PPJJ.#.#.#....###......
#÷÷....#.#.#.....##......
#.P.J_J#.#'#......'......
#...K..#.#....:).)'......
#_J.P_J#.#.....)).'......
#÷.....#@#.......##......
#PPP.JJJ##......###......
#.....J########## #[.....
####### ######.....
#.#.##..... #.#.##.....
#.......... ##.####....
#.# #####


You could see a large slime creature, 2 jellies and an endoplasm.

Vanquished Creatures
  2 ogres
  3 kobold brigands (D:5)
  2 phantoms
  A scorpion (D:4)
  4 hounds (D:4)
  2 orc priests (D:4)
  A jelly (D:5)
  An orc wizard (D:4)
  A gnoll (D:4)
  6 adders
  A white imp (D:4)
  3 dart slugs
  13 orcs (D:4)
  8 bats
  3 endoplasms (D:2)
  4 giant cockroaches
  6 hobgoblins
  5 jackals
  5 quokkas
  4 ball pythons
  7 frilled lizards
  10 goblins
  8 kobolds
  5 rats
105 creatures vanquished.

Notes
Turn   | Place    | Note
-------+----------+-------------------------------------------
     0 | D:1      | Curundu the Minotaur Berserker began the quest for the Orb.
     0 | D:1      | Reached XP level 1. HP: 19/19 MP: 0/0
   176 | D:1      | Reached XP level 2. HP: 27/27 MP: 1/1
   198 | D:1      | Reached skill level 4 in Axes
   835 | D:2      | Reached XP level 3. HP: 33/33 MP: 2/2
   958 | D:2      | Reached ** piety under Trog
  1048 | D:2      | Noticed a phantom
  1056 | D:2      | Killed a phantom
  1057 | D:2      | Reached skill level 1 in Shields
  1057 | D:2      | Reached XP level 4. HP: 37/41 MP: 3/3
  1300 | D:2      | Reached skill level 5 in Axes
  1307 | D:2      | Found a faded altar of an unknown god.
  1344 | D:2      | Reached XP level 5. HP: 47/47 MP: 4/4
  1793 | D:3      | You fall into a shaft and drop 3 floors!
  1794 | D:6      | Found a shimmering blue altar of Sif Muna.
  1803 | D:5      | Entered Level 5 of the Dungeon
  2600 | D:4      | Reached skill level 5 in Fighting
  2600 | D:4      | Reached skill level 6 in Axes
  2600 | D:4      | Reached XP level 6. HP: 56/56 MP: 5/5
  2606 | D:4      | Reached *** piety under Trog
  2749 | D:4      | Found a glowing silver altar of Zin.
  2752 | D:4      | Found a basalt altar of Yredelemnul.
  2799 | D:4      | Identified the +2 mace "Beetle's Death Toll" {holy,
                  | ^Fragile rC+ rN+ Str+2}
  2835 | D:4      | Reached XP level 7. HP: 61/61 MP: 6/6
  2990 | D:4      | Reached skill level 7 in Axes
  3400 | D:5      | Reached skill level 5 in Armour
  3644 | D:5      | Reached skill level 8 in Axes
  3774 | D:5      | Found a radiant altar of Vehumet.
  3774 | D:5      | Found a glowing silver altar of Zin.
  3774 | D:5      | Found a hazy altar of Hepliaklqana.
  3774 | D:5      | Found a white marble altar of Elyvilon.
  3774 | D:5      | Found a glowing silver altar of Zin.
  3774 | D:5      | Found an ancient bone altar of Kikubaaqudgha.
  3774 | D:5      | Noticed a slime creature
  3774 | D:5      | Noticed a slime creature
  3786 | D:5      | HP: 3/61 [large slime creature (18)]
  3787 | D:5      | Mangled by a large slime creature

Illustrated notes

Levels and vault maps discovered:
D:1:      evilmike_arrival_fibonacci_small, layout_basic
D:2:      layout_basic, shapermc_ecumenical_altar_totnotflames,
          hangedman_feature_mirror
D:3:      layout_basic
D:4:      layout_layer_cave, grunt_temple_overflow_open, cheibrodos_gnoll_hut
D:5:      cheibrodos_fertilizer, layout_loops_cross, nicolae_nh_oracle_at_delphi
D:6:      layout_loops_ring, nicolae_sif_muna_condensation,
          minmay_temple_entry_large_hall, uniq_blork_the_orc

Skill      XL: |  1  2  3  4  5  6  7 |
---------------+----------------------+-----
Fighting       | 4 5 |  5.6
Axes           | 4 5 6 8 |  8.3
Armour         | 3 4 5 |  5.6
Shields        | 1 2 3 4 |  4.0
Dodging        | |  2.4
Stealth        | |  0.3

Action                     |  1- 3 |  4- 6 |  7- 9 || total
---------------------------+-------+-------+-------++-------
  Melee: Hand axe          |    37 |       |       ||    37
         Headbutt          |     8 |    11 |     8 ||    27
         War axe           |    28 |   115 |    50 ||   193
 Invoke: Trog's Hand       |       |     1 |     1 ||     2
    Use: Scroll            |       |       |     1 ||     1
 Armour: Animal skin       |    40 |    11 |       ||    51
         Plate armour      |       |    81 |    56 ||   137
  Dodge: Dodged            |    53 |    54 |    16 ||   123
  Block: Buckler           |     6 |    24 |    12 ||    42
